 Dungeon Crawl Stone Soup version 0.21-a0-536-gdbbf329 (webtiles) character file.

4604 KristoblXynda the Destroyer (level 10, -11/77 HPs)
             Began as a Pale Draconian Conjurer on Dec 14, 2017.
             Was a Believer of Vehumet.
             Mangled by a two-headed ogre
             ... wielding a cursed -3 giant spiked club
              (24 damage)
             ... on level 9 of the Dungeon.
             The game lasted 00:27:37 (9896 turns).

KristoblXynda the Destroyer (DrCj)                  Turns: 9896, Time: 00:27:39

Health: -11/77     AC: 10    Str: 10    XL:     10   Next: 19%
Magic:  8/22       EV: 12    Int: 18    God:    Vehumet [**....]
Gold:   342        SH:  0    Dex: 15    Spells: 14/26 levels left

rFire    . . .     SeeInvis .   z - +6 dagger of Domination {flame, *Slow rPois rC+ Dex+2}
rCold    + . .     Gourm    .   (no shield)
rNeg     . . .     Faith    .   (armour unavailable)
rPois    +         Spirit   .   (helmet restricted)
rElec    .         Reflect  .   (no cloak)
rCorr    .         Harm     .   J - +0 pair of gloves
MR       .....                  s - +1 pair of boots
Stlth    ++........             (no amulet)
HPRegen  0.22/turn              e - ring of wizardry
MPRegen  0.18/turn              k - ring of poison resistance

@: very slightly contaminated
A: breathe steam, unfitting armour, cold-blooded, AC +7
a: Breathe Steam, Renounce Religion


You were on level 9 of the Dungeon.
You worshipped Vehumet.
Vehumet was pleased with you.
You were not hungry.

You visited 2 branches of the dungeon, and saw 10 of its levels.

You collected 342 gold pieces.

Inventory:

Hand Weapons
 c - a +1 whip of freezing
 z - the +6 dagger of Domination (weapon) {flame, *Slow rPois rC+ Dex+2}
   (You found it on level 8 of the Dungeon)

   It has been specially enchanted to burn those struck by it, causing extra
   injury to most foes and up to half again as much damage against particularly
   susceptible opponents.
   It affects your dexterity (+2).
   It protects you from cold.
   It protects you from poison.
   It may slow you when you take damage.
 E - a +3 whip of pain
Armour
 s - a +1 pair of boots (worn)
 J - a +0 pair of gloves (worn)
Jewellery
 e - a ring of wizardry (left hand)
 k - a ring of poison resistance (right hand)
 F - an uncursed ring of flight
Wands
 h - a wand of disintegration (20)
 o - a wand of flame (64)
 x - a wand of acid (9)
 y - a wand of scattershot (4)
 C - a wand of enslavement (11)
Scrolls
 i - a scroll of magic mapping
 j - a scroll of immolation
 l - a scroll of fog
 m - 3 scrolls of identify
 q - 2 scrolls of teleportation
 t - a scroll of amnesia
 B - a scroll of enchant armour
 D - a scroll of fear
 G - a scroll of remove curse
Potions
 d - a potion of curing
 f - a potion of might
 g - a potion of haste
 v - a potion of mutation
 w - 3 potions of brilliance
 A - 4 potions of flight
 I - a potion of ambrosia
Books
 a - a book of Conjurations

   Spells                             Type                      Level
   a - Magic Dart                     Conjuration                  1
   b - Searing Ray                    Conjuration                  2
   c - Dazzling Spray                 Conjuration/Hexes            3
   d - Fulminant Prism                Conjuration/Hexes            4
   e - Force Lance                    Conjuration/Translocation    4
   f - Iskenderun's Mystic Blast      Conjuration                  4
 r - a book of Misfortune

   Spells                             Type                      Level
   a - Confusing Touch                Hexes                        1
   b - Confuse                        Hexes                        3
   c - Gell's Gravitas                Translocation                3
   d - Petrify                        Transmutation/Earth          4
   e - Metabolic Englaciation         Hexes/Ice                    5
   f - Yara's Violent Unravelling     Hexes/Transmutation          5
Comestibles
 b - 8 fruits
 n - 5 bread rations
 p - a meat ration
 u - 3 royal jellies


   Skills:
 - Level 3.0 Fighting
 - Level 2.2 Maces & Flails
 - Level 1.7 Dodging
 - Level 1.7 Stealth
 + Level 8.7 Spellcasting
 + Level 10.0 Conjurations
 - Level 5.0 Translocations
 + Level 3.6 Evocations


You had 14 spell levels left.
You knew the following spells:

 Your Spells              Type           Power        Failure   Level  Hunger
a - Magic Dart            Conj           ####         1%          1    None
b - Dazzling Spray        Conj/Hex       ####..       1%          3    None
c - Iskenderun's Mystic   Conj           #####...     1%          4    ###....
d - Force Lance           Conj/Tloc      #####...     1%          4    ###....


Dungeon Overview and Level Annotations

Branches:
Dungeon (9/15)             Temple (1/1) D:4             Orc (0/2) D:9
   Lair: D:8-11

Altars:
Ashenzari
Cheibriados
Dithmenos
Elyvilon
Fedhas
Gozag
Hepliaklqana
Kikubaaqudgha
Makhleb
Nemelex Xobeh
Okawaru
Qazlal
Ru
Sif Muna
Trog
Uskayaw
Vehumet
Wu Jian
Xom
Yredelemnul
The Shining One

Annotations:
D:9 Joseph


Innate Abilities, Weirdness & Mutations

You can breathe blasts of scalding, opaque steam.
Your pale cyan-grey scales are hard. (AC +7)
You cannot fit into any form of body armour.
You are cold-blooded and may be slowed by cold attacks.


Message History

You hit the two-headed ogre. You burn the two-headed ogre.
You tail-slap the two-headed ogre, but do no damage.
The two-headed ogre is almost dead.
Casting: Dazzling Spray
Confirm with . or Enter, or press ? or * to list all spells.
Aiming: Dazzling Spray
Press: ? - help, Shift-Dir - straight line, f/p - two-headed ogre
Aim: a two-headed ogre, wielding two giant spiked clubs (almost dead)
The spray of energy hits the two-headed ogre.
The two-headed ogre is almost dead.
The two-headed ogre hits you with a giant spiked club!
The two-headed ogre hits you with a giant spiked club!!
* * * LOW HITPOINT WARNING * * *
You hit the two-headed ogre. You burn the two-headed ogre.
You tail-slap the two-headed ogre, but do no damage.
The two-headed ogre is almost dead.
The two-headed ogre hits you with a giant spiked club.
* * * LOW HITPOINT WARNING * * *
The two-headed ogre hits you with a giant spiked club!!
You die...

#........#
#........#
###........#
>.........#
#........#
#........#
#....O...#
#....@...#
#####.#### #>#
#.## #####
#..# .....
##.# .....
######.#######
..%#
#............#
...#
#...(........#


You could see a two-headed ogre.

Vanquished Creatures
  A two-headed ogre (D:9)
  Pikel (D:6)
  An elephant (D:9)
  Grinder (Temple)
  A yak (D:9)
  A wyvern (D:8)
  Duvessa (D:7)
  A slave (D:6)
  2 ice beasts
  A phantom (D:9)
  A sky beast (D:8)
  5 ogres
  2 centaurs (D:7)
  4 bullfrogs
  3 scorpions
  Dowan (D:7)
  3 howler monkeys
  4 crimson imps
  A bullfrog zombie (D:9)
  A jelly (D:6)
  A hound (D:7)
  2 orc priests
  2 bullfrog skeletons
  Jessica (D:3)
  Terence (D:2)
  An iguana (D:7)
  5 orc wizards
  Natasha (thrice) (D:4)
  5 worker ants
  A hound zombie (D:7)
  2 worker ant zombies
  8 gnolls
  10 adders
  4 shadow imps
  An ooze (D:3)
  An adder skeleton (D:5)
  2 worms
  5 dart slugs
  3 leopard geckos
  12 orcs
  9 bats
  6 giant cockroaches
  4 hobgoblins
  8 jackals
  6 kobolds
  4 quokkas
  6 frilled lizards
  4 goblins (D:1)
  A jackal skeleton (D:9)
  A leopard gecko zombie (D:7)
  4 quokka skeletons
  A quokka zombie (D:5)
  3 rats
163 creatures vanquished.

Notes
Turn   | Place    | Note
-------+----------+-------------------------------------------
     0 | D:1      | KristoblXynda the Draconian Conjurer began the quest for the Orb.
     0 | D:1      | Reached XP level 1. HP: 14/14 MP: 3/3
   443 | D:1      | Reached XP level 2. HP: 7/20 MP: 1/5
  1323 | D:1      | Reached XP level 3. HP: 25/26 MP: 7/7
  2002 | D:2      | Reached XP level 4. HP: 33/33 MP: 0/8
  2077 | D:2      | Reached skill level 5 in Conjurations
  2161 | D:2      | Noticed Terence
  2265 | D:2      | Learned a level 3 spell: Dazzling Spray
  2436 | D:2      | Killed Terence
  2871 | D:3      | Learned a level 4 spell: Iskenderun's Mystic Blast
  2964 | D:3      | Reached XP level 5. HP: 38/38 MP: 4/10
  3259 | D:3      | Found a sparkling altar of Nemelex Xobeh.
  3259 | D:3      | Noticed Jessica
  3266 | D:3      | Killed Jessica
  3298 | D:4      | Found a staircase to the Ecumenical Temple.
  3316 | Temple   | Entered the Ecumenical Temple
  3363 | D:4      | Noticed Grinder
  3701 | D:4      | Noticed Natasha
  3709 | Temple   | Paralysed by Grinder for 2 turns
  3727 | Temple   | Paralysed by Grinder for 3 turns
  3740 | Temple   | Killed Grinder
  3740 | Temple   | Reached skill level 6 in Conjurations
  3740 | Temple   | Reached XP level 6. HP: 13/45 MP: 0/13
  3957 | D:4      | Killed Natasha
  3966 | D:4      | Reached skill level 5 in Spellcasting
  3966 | D:4      | Your scales start taking on a pale cyan-grey colour.
  3966 | D:4      | Reached XP level 7. HP: 15/50 MP: 2/14
  4003 | D:4      | Noticed Natasha
  4058 | Temple   | Became a worshipper of Vehumet
  4074 | D:4      | Killed Natasha
  4411 | D:4      | Reached skill level 1 in Fighting
  4707 | D:4      | Reached skill level 7 in Conjurations
  4938 | D:4      | Noticed Natasha
  4944 | D:4      | Killed Natasha
  4986 | D:5      | Entered Level 5 of the Dungeon
  5592 | D:5      | Learned a level 4 spell: Force Lance
  5678 | D:5      | Reached XP level 8. HP: 51/63 MP: 10/16
  5686 | D:5      | Reached skill level 1 in Translocations
  5940 | D:6      | Noticed Pikel
  6200 | D:6      | Reached * piety under Vehumet
  6200 | D:6      | Offered knowledge of Sandblast by Vehumet.
  6727 | D:6      | Reached skill level 8 in Conjurations
  6748 | D:6      | Killed Pikel
  6748 | D:6      | Reached XP level 9. HP: 62/69 MP: 12/19
  7515 | D:7      | Noticed Dowan
  7518 | D:7      | Noticed Duvessa
  7528 | D:7      | Offered knowledge of Sting by Vehumet.
  7540 | D:7      | Killed Dowan
  7543 | D:7      | HP: 3/69 [Duvessa/short sword (11)]
  7972 | D:7      | Killed Duvessa
  7972 | D:7      | Reached ** piety under Vehumet
  7972 | D:7      | Reached skill level 9 in Conjurations
  7972 | D:7      | Reached skill level 5 in Translocations
  8255 | D:7      | Reached skill level 1 in Maces & Flails
  8634 | D:8      | Found an opulent altar of Gozag.
  8831 | D:8      | Got a fine dagger
  8832 | D:8      | Identified the +6 dagger of Domination {flame, *Slow rPois rC+ Dex+2} (You found it on level 8 of the Dungeon)
  8904 | D:9      | Noticed Joseph
  8926 | D:9      | HP: 2/69 [Joseph/uncursed quarterstaff (13)]
  9330 | D:9      | Noticed a two-headed ogre
  9341 | D:9      | Killed a two-headed ogre
  9341 | D:9      | Reached XP level 10. HP: 49/77 MP: 16/22
  9432 | D:9      | Found a staircase to the Orcish Mines.
  9486 | D:9      | Noticed an elephant
  9512 | D:9      | Killed an elephant
  9512 | D:9      | Reached skill level 10 in Conjurations
  9884 | D:9      | Noticed a two-headed ogre
  9896 | D:9      | Mangled by a two-headed ogre

Vault maps used:
D:1:      dpeg_arrival_rhombi
D:2:      corexii_corridor_pit, uniq_terence
D:3:      nemelex_lonely_heart_becter
D:4:      temple_statues, first_bread, minivault_26, uniq_natasha, uniq_grinder
D:6:      uniq_pikel
D:7:      uniq_duvessa
D:8:      grunt_gozag_breadcrumbs
D:9:      david_lair_generic, orc_0_dummy, grunt_livestock, uniq_joseph
Temple:   dpeg_three_leaves_temple

Skill      XL: |  1  2  3  4  5  6  7  8  9 10 |
---------------+-------------------------------+-----
Spellcasting   | 3 4 5 7 8 |  8.7
Conjurations   | 5 6 7 8 9 10 | 10.0
Fighting       | 3 |  3.0
Translocations | 4 5 |  5.0
Maces & Flails | 2 |  2.2
Evocations     | 2 3 |  3.6
Dodging        | |  1.7
Stealth        | |  1.7

Action                   |  1- 3 |  4- 6 |  7- 9 | 10-12 || total
-------------------------+-------+-------+-------+-------++-------
Melee: Hand axe          |    77 |    84 |   127 |       ||   288
       Unarmed           |    20 |       |       |       ||    20
       Tailslap          |     9 |     9 |    31 |     8 ||    57
       Whip              |       |       |   143 |       ||   143
       Dagger            |       |       |    14 |    31 ||    45
 Cast: Magic Dart        |    55 |    79 |   197 |    15 ||   346
       Dazzling Spray    |       |     4 |    20 |     7 ||    31
       Iskenderun's Myst |       |     1 |    15 |       ||    16
       Force Lance       |       |       |       |     6 ||     6
 Abil: Breathe Steam     |       |       |    11 |     3 ||    14
  Use: Scroll            |     2 |       |    21 |       ||    23
       Potion            |       |     2 |     6 |       ||     8
 Stab: Sleeping          |     2 |     1 |     3 |       ||     6
       Invisible         |       |     2 |     6 |     1 ||     9
  Eat: Chunk             |     4 |     1 |    16 |       ||    21
       Bread ration      |       |     1 |       |       ||     1
       Fruit             |       |       |     3 |       ||     3
       Meat ration       |       |       |     1 |       ||     1
       Royal jelly       |       |       |     1 |       ||     1
Armor: Skin              |    45 |    23 |   115 |    10 ||   193
Dodge: Dodged            |   101 |    67 |   261 |    27 ||   456

Table legend:
 A = Spawn XP
 B = Non-spawn XP
 C = Spawn XP percentage of total XP
 D = Spawn monster count
 E = Non-spawn monster count
 F = Spawn count percentage of total count
 G = Total turns spent on level
                    A         B        C        D         E        F      G
               +---------+---------+-------+---------+---------+-------+---------
         Total |       0 |    6578 |   0.0 |       0 |     162 |   0.0 |  9896
               +---------+---------+-------+---------+---------+-------+---------
           D:1 |       0 |      44 |   0.0 |       0 |      24 |   0.0 |  1633
           D:2 |       0 |     133 |   0.0 |       0 |      22 |   0.0 |  1095
           D:3 |       0 |      59 |   0.0 |       0 |      10 |   0.0 |   570
           D:4 |       0 |     581 |   0.0 |       0 |      10 |   0.0 |  1000
           D:5 |       0 |     593 |   0.0 |       0 |      27 |   0.0 |   871
           D:6 |       0 |    1090 |   0.0 |       0 |      15 |   0.0 |  1032
           D:7 |       0 |    1186 |   0.0 |       0 |      28 |   0.0 |  1403
           D:8 |       0 |     513 |   0.0 |       0 |       7 |   0.0 |   842
           D:9 |       0 |    2080 |   0.0 |       0 |      17 |   0.0 |   762
        Temple |       0 |     299 |   0.0 |       0 |       2 |   0.0 |   688
               +---------+---------+-------+---------+---------+-------+---------
